 Dungeon Crawl Stone Soup version 0.27.1-33-g824d729ab1 (webtiles) character file.

Game seed: 10612934308855024156

32 Cykl0x the Ruffian (level 3, 0/20 HPs)
             Began as a Gargoyle Transmuter on Dec 12, 2021.
             Slain by a goblin (6 damage)
             ... led by Robin
             ... on level 2 of the Dungeon.
             The game lasted 00:03:06 (1279 turns).

Cykl0x the Ruffian (Gargoyle Transmuter)            Turns: 1279, Time: 00:03:06

Health: 0/20       AC:  5    Str: 14    XL:     3   Next: 25%
Magic:  3/6        EV: 12    Int: 13    God:
Gold:   26         SH:  0    Dex: 10    Spells: 1/6 levels left

rFire    + . .     SeeInvis .   b - +0 short sword
rCold    . . .     Faith    .   (no shield)
rNeg     + . .     Spirit   .   a - +0 robe
rPois    ∞         Reflect  .   (no helmet)
rElec    +         Harm     .   (no cloak)
rCorr    .         Rampage  .   (no gloves)
Will     .....                  (no boots)
Stlth    +.........             (no amulet)
HPRegen  0.06/turn              e - ring of protection from fire
MPRegen  0.10/turn              (no ring)

@: no status effects
A: sickness immunity, AC +3, negative energy resistance 1, electricity
resistance, torment resistance 1, petrification resistance
a: no special abilities


You were on level 2 of the Dungeon.
You visited 1 branch of the dungeon, and saw 2 of its levels.

You collected 54 gold pieces.
You spent 28 gold pieces at shops.

Inventory:

Hand Weapons
 b - a +0 short sword (weapon)
 c - a +0 dagger
Armour
 a - a +0 robe (worn)
Jewellery
 e - a ring of protection from fire (left hand)
Potions
 d - a potion of cancellation
 g - a potion of berserk rage


   Skills:
 * Level 1.5 Fighting
 + Level 0.6 Short Blades
 * Level 0.1(0.3) Long Blades
 * Level 1.2 Armour
 + Level 1.6 Dodging
 - Level 3.0 Unarmed Combat
 + Level 2.2 Spellcasting
 + Level 2.0 Transmutations


You had one spell level left.
You knew the following spells:

 Your Spells              Type           Power      Damage    Failure   Level
a - Beastly Appendage     Tmut           12%        N/A       11%         1
b - Wereblood             Tmut           6%         N/A       17%         2
c - Static Discharge      Conj/Air       1%         N/A       36%         2

Your spell library contained the following spells:

 Spells                   Type           Power      Damage    Failure   Level
 Spider Form              Tmut/Pois      2%         N/A       45%         3
 Ice Form                 Ice/Tmut       4%         N/A       86%         4
 Dispel Undead            Necr           1%         3d6       94%         4
 Sticky Flame             Conj/Fire      1%         2d3       94%         4


Dungeon Overview and Level Annotations

Branches:
Dungeon (2/15)

Altars:

Shops:
D:2 ?

Annotations:
D:2 Robin


Innate Abilities, Weirdness & Mutations

You are immune to sickness and miasma.
Your stone body is resilient. (AC +3)
You are immune to poison.
You resist negative energy. (rN+)
You are resistant to electric shocks. (rElec)
You are resistant to unholy torment.
You are immune to petrification.


Message History

A hobgoblin comes into view.
You hit the hobgoblin.
You kill the hobgoblin!
Robin drinks a potion.
Robin suddenly seems more resistant.
The hobgoblin barely misses you.
Robin laughs in a distinctly smug fashion.
Robin roars a battlecry!
The goblins go into a battle-frenzy!
Casting: Wereblood (safe; 17% risk of failure)
Confirm with . or Enter, or press ? or * to list all spells.
The spell is extremely dangerous to cast (36% risk of failure)!
Continue anyway?
The hobgoblin is struck by an arc of lightning.
The hobgoblin is almost dead.
The lightning grounds out.
The hobgoblin hits you. Robin throws the goblin at you!
You puncture the hobgoblin!
You feel a bit better.
You kill the hobgoblin!
Your primal bloodlust is almost over.
The goblin hits you but does no damage.
Unknown command.
You closely miss the goblin. The goblin misses you.
The goblin hits you with a +0 dagger.
You closely miss the goblin. The goblin hits you with a +0 club.
The goblin hits you with a +0 dagger.
Unknown command.
You barely miss the goblin. The goblin hits you with a +0 club.
The goblin hits you but does no damage.
You hit the goblin.
You feel a bit better.
You kill the goblin!
The goblin hits you but does no damage.
Your Transmutations skill increases to level 2!
Your primal bloodlust has ended.
You see here a +0 dagger.
Unknown command.
You closely miss the goblin. The goblin hits you but does no damage.
Robin throws the goblin at you! The goblin hits you with a +0 club.
* * * LOW HITPOINT WARNING * * *
You barely miss the goblin. The goblin closely misses you.
The goblin hits you but does no damage. The goblin hits you with a +0 club.
You die...

#.#.# #.#.#
##.#.# ##
#....#
...####..###
#.......#
#.####.##
#.####g.###
#g@gggg...#
######..#...
#..# # #....
#..#.# #..#
# #.gg ###g


You could see Robin (resistant), 3 hobgoblins and 2 goblins.

Vanquished Creatures
  2 dart slugs (D:1)
  2 bats (D:1)
  3 endoplasms (D:1)
  2 giant cockroaches (D:1)
  5 goblins
  2 hobgoblins (D:2)
  A frilled lizard (D:1)
  5 kobolds (D:1)
  3 rats (D:1)
25 creatures vanquished.

Notes
Turn   | Place    | Note
-------+----------+-------------------------------------------
     0 | D:1      | Cykl0x the Gargoyle Transmuter began the quest for the Orb.
     0 | D:1      | Reached XP level 1. HP: 12/12 MP: 3/3
   229 | D:1      | Reached XP level 2. HP: 14/16 MP: 3/5
   232 | D:1      | Learned a level 2 spell: Wereblood
   285 | D:1      | Reached skill level 1 in Armour
   743 | D:1      | Learned a level 2 spell: Static Discharge
  1003 | D:1      | Reached XP level 3. HP: 20/20 MP: 2/6
  1223 | D:2      | Found Soerphuar's Magic Scroll Emporium.
  1229 | D:2      | Bought a scroll of identify for 28 gold pieces
  1255 | D:2      | Noticed Robin
  1279 | D:2      | Slain by a goblin

Illustrated notes

Levels and vault maps discovered:
D:1:      co_arrival_square_in_a_square_in_a_square, layout_basic,
          serial_bayou_pond_a, minivault_4, grunt_decor_one_mirror
D:2:      layout_loops_ring, basic_altar, serial_shops, shop,
          nicolae_square_shop, nicolae_shop_behind_doors, shop_scrolls, shop,
          uniq_robin

Skill      XL: |  1  2  3 |
---------------+----------+-----
Armour         | 1 |  1.2
Transmutations | 2 |  2.0
Fighting       | |  1.5
Short Blades   | |  0.6
Long Blades    | |  0.1
Dodging        | |  1.6
Unarmed Combat | |  3.0
Spellcasting   | |  2.2

Action                   || total
-------------------------++-------
Melee: Dagger            ||    28
       Headbutt          ||     5
       Kick              ||     7
       Unarmed           ||     1
       Punch             ||     1
       Short sword       ||    37
 Cast: Beastly Appendage ||    17
       Wereblood         ||     7
       Static Discharge  ||     2
  Use: Scroll            ||     4
Armor: Robe              ||    21
Dodge: Dodged            ||    35
